 Dungeon Crawl Stone Soup version 0.17-a0-2118-g63bad21 (webtiles) character file.

181429 Duffy the Severer (level 18, 0/142 HPs)
             Began as a Formicid Fighter on Oct 20, 2015.
             Was the Champion of Cheibriados.
             Slain by an anaconda (3 damage)
             ... on level 4 of the Snake Pit.
             The game lasted 01:17:56 (38784 turns).

Duffy the Severer (Formicid Fighter)               Turns: 38784, Time: 01:17:57

Health: 0/142      AC: 40    Str: 47    XL:     18   Next: 99%
Magic:  34/34      EV: 13    Int: 24    God:    Cheibriados [******]
Gold:   1685       SH: 16    Dex: 29    Spells: 0 memorised, 17 levels left

rFire  + . .     SeeInvis +     a - +9 executioner's axe (chop)
rCold  + . .     Clarity  .     D - +9 armour of the Dragon King {rPois rF+ rC+ MR+}
rNeg   . . .     SustAt   .     c - +0 shield
rPois  +         Gourm    .     (helmet unavailable)
rElec  +         Spirit   .     U - +2 cloak
rCorr  +         Warding  .     A - +2 pair of gloves
rMut   .         Stasis   +     w - +0 pair of boots
MR     ++...                    W - amulet of resist corrosion
Stlth  ..........               Z - +2 ring of protection
                                i - ring of the Establishment {rElec MP+9 Str+4 Dex+4}

@: lethally poisoned (0 -> -6), constricted, very slow, very resistant to
hostile enchantments, extremely unstealthy
A: permanent stasis, dig shafts and tunnels, four strong arms, antennae 3
a: Dig, Shaft Self, Bend Time, Temporal Distortion, Slouch, Step From Time,
Renounce Religion


You were on level 4 of the Snake Pit.
You worshipped Cheibriados.
Cheibriados was exalted by your worship.
You were not hungry.

You visited 5 branches of the dungeon, and saw 32 of its levels.
You also visited: Labyrinth and Ossuary.

You collected 3764 gold pieces.
You spent 2079 gold pieces at shops.


Innate Abilities, Weirdness & Mutations

You are under a permanent stasis effect.
You can dig through walls and to a lower floor.
Your four strong arms can wield two-handed weapons with a shield.
You have a pair of large antennae on your head (SInv).


   Skills:
 + Level 12.6 Fighting
 + Level 20.3 Axes
 + Level 15.4 Armour
 + Level 7.8 Dodging
 - Level 9.4 Shields
 - Level 10.5 Invocations
 - Level 10.0 Evocations


You had 17 spell levels left.
You didn't know any spells.

Inventory:

Hand Weapons
 a - a +9 executioner's axe of chopping (weapon)
 N - a +0 dire flail
Missiles
 h - 934 stones (quivered)
 o - 123 poisoned needles
 C - a throwing net
Armour
 c - a +0 shield (worn)
 w - a +0 pair of boots (worn)
 A - a +2 pair of gloves (worn)
 D - the +9 armour of the Dragon King (worn) {rPois rF+ rC+ MR+}

   It protects you from fire.
   It protects you from cold.
   It protects you from poison.
   It affects your resistance to hostile enchantments.
 U - a +2 cloak (worn)
Jewellery
 g - an uncursed ring of protection from cold
 i - the ring of the Establishment (left hand) {rElec MP+9 Str+4 Dex+4}

   [ring of magical power]

   It affects your strength (+4).
   It affects your dexterity (+4).
   It insulates you from electricity.
   It affects your magic capacity (+9).
 l - an uncursed ring of positive energy
 E - an uncursed ring of stealth {unknown}
 M - an uncursed ring of protection from cold
 O - an uncursed ring of invisibility
 S - an uncursed ring of fire
 W - an amulet of resist corrosion (around neck)
 Z - a +2 ring of protection (right hand)
Wands
 t - a wand of heal wounds (2)
 y - a wand of fireball (13)
 z - a wand of heal wounds (3)
Scrolls
 e - 2 scrolls of summoning
 j - 2 scrolls of holy word
 n - 8 scrolls of remove curse
 p - 9 scrolls of fog
 r - a scroll of magic mapping
 s - 2 scrolls of enchant armour
 H - 3 scrolls of recharging
Potions
 b - a potion of ambrosia
 d - 2 potions of cure mutation
 k - 6 potions of flight
 B - 5 potions of curing
 F - 9 potions of agility
 G - 3 potions of magic
 J - a potion of heal wounds
 K - 2 potions of cancellation
 L - 4 potions of might
 Y - 2 potions of resistance
Comestibles
 f - 15 slices of pizza
 m - a meat ration
 q - 5 beef jerkies
 u - 2 chunks of flesh
 v - a bread ration
 x - a royal jelly
 I - 15 fruits

Dungeon Overview and Level Annotations

Branches:
Dungeon (15/15)            Temple (1/1) D:5            Lair (8/8) D:11
 Shoals (0/4) Lair:3        Snake (4/4) Lair:4        Slime (0/6) Lair:6
    Orc (4/4) D:9             Elf (0/3) Orc:4        Vaults (0/5) D:13
 Depths (0/5) D:15

Altars:
Ashenzari
Cheibriados
Dithmenos
Elyvilon
Fedhas
Gozag
Kikubaaqudgha
Makhleb
Nemelex Xobeh
Okawaru
Qazlal
Ru
Sif Muna
Trog
Vehumet
Xom
Yredelemnul
Zin
The Shining One
Beogh

Shops:
D:4 [   Orc:4 *(([}


Message History

The anaconda bites you but does no damage.
You block the naga mage's attack. The anaconda misses you.
The anaconda constricts you.
The anaconda bites you but does no damage. x2
You block the anaconda's attack.
You escape the anaconda's grasp.
You feel sick. The anaconda grabs you.
You stop ascending the stairs.
You block the anaconda's attack. The anaconda constricts you.
You block the naga mage's attack. The anaconda bites you.
The anaconda bites you but does no damage.
The anaconda completely misses you.
The anaconda bites you but does no damage.
The anaconda constricts you. The anaconda closely misses you.
The naga mage spits poison at you. You block the splash of poison.
You escape the anaconda's grasp.
You feel sick. The anaconda completely misses you.
The anaconda bites you but does no damage.
The anaconda grabs you.
You stop ascending the stairs.
You block the anaconda's attack. The anaconda constricts you.
You block the anaconda's attack. The naga spits poison at you.
The splash of poison misses you.
The splash of poison misses the anaconda.
The splash of poison hits the naga.
The anaconda closely misses you.
The anaconda bites you but does no damage.
The anaconda constricts you. You block the anaconda's attack.
You block the naga mage's attack. The naga hits you with a war axe.
You escape the anaconda's grasp.
You feel sick.
The naga mage is no longer moving quickly.
You block the anaconda's attack.
The anaconda bites you but does no damage.
The anaconda grabs you.
You stop ascending the stairs.
You block the anaconda's attack.
You die...

#............#..# { .N
#........)...#..# {... ####
##....†.......#.)##{.{#
#..######.............#)..#{{.#
.....................##)......#
...................#####.....####
.....#####)#....NN)#.....{{{##..#
..)..#.#...##..NSN..÷.)##.{##....
(....##.....#..N@SNN....####.....
.....#.....##...SS#####.........#
.....#.....#..####N....#.......##
.....#.†...#..#..{.....##......#.
.....#.....####.........#......#.
.....'......#'..........#......##
.....##......#..........#......#.
##....##....###.......###......#.
.#....#.....# #.........#......#.


You could see a greater naga, 4 anacondas, a naga mage and 6 nagas.

Action                   |  1- 3 |  4- 6 |  7- 9 | 10-12 | 13-15 | 16-18 || total
-------------------------+-------+-------+-------+-------+-------+-------++-------
Melee: War axe           |    72 |   131 |       |     1 |       |       ||   204
       Hand axe          |       |    24 |   433 |  1206 |    61 |       ||  1724
       Broad axe         |       |       |       |       |   388 |       ||   388
       Battleaxe         |       |       |       |       |   732 |   782 ||  1514
       Dire flail        |       |       |       |       |    21 |    20 ||    41
       Executioner's axe |       |       |       |       |       |   453 ||   453
Throw: Stone             |       |       |       |     2 |       |       ||     2
Invok: Slouch            |       |       |       |       |       |     2 ||     2
 Abil: Dig               |       |     3 |     2 |    22 |    17 |    31 ||    75
       Evoke Invisibilit |       |       |       |       |     1 |       ||     1
Evoke: Wand              |       |       |       |       |     3 |       ||     3
  Use: Potion            |     1 |       |       |     2 |     1 |     1 ||     5
       Scroll            |       |       |     1 |    11 |    13 |    17 ||    42
 Stab: Invisible         |       |       |       |     5 |    15 |       ||    20
       Distracted        |       |       |       |       |     1 |     1 ||     2
  Eat: Chunk             |       |     5 |    13 |    26 |    23 |    16 ||    83
       Beef jerky        |       |       |     2 |       |     2 |     4 ||     8
       Fruit             |       |       |       |       |       |     2 ||     2

Notes
Turn   | Place    | Note
--------------------------------------------------------------
     0 | D:1      | Duffy the Formicid Fighter began the quest for the Orb.
     0 | D:1      | Reached XP level 1. HP: 18/18 MP: 1/1
   133 | D:1      | Reached skill level 4 in Shields
   204 | D:1      | Reached XP level 2. HP: 17/24 MP: 2/2
   636 | D:1      | You fall through a shaft!
   709 | D:2      | Reached skill level 5 in Shields
   709 | D:2      | Reached XP level 3. HP: 27/29 MP: 3/3
  1009 | D:2      | Noticed Sigmund
  1021 | D:2      | Killed Sigmund
  1021 | D:2      | Reached skill level 7 in Shields
  1021 | D:2      | Reached XP level 4. HP: 1/35 MP: 4/4
  1021 | D:2      | Reached XP level 5. HP: 1/41 MP: 5/5
  1651 | D:3      | Found a shimmering altar of Xom.
  1658 | D:3      | Reached XP level 6. HP: 47/47 MP: 6/6
  1766 | D:3      | Noticed Robin
  1768 | D:3      | Reached skill level 8 in Shields
  1780 | D:3      | Killed Robin
  1941 | D:3      | Found a faded altar to an unknown god.
  2069 | D:3      | Found an iron altar of Okawaru.
  2238 | D:3      | Noticed Grinder
  2543 | D:3      | Killed Grinder
  2543 | D:3      | Reached skill level 4 in Axes
  2543 | D:3      | Reached XP level 7. HP: 2/52 MP: 7/7
  3088 | D:3      | Noticed Natasha
  3092 | D:3      | Killed Natasha
  3260 | D:3      | Noticed Natasha
  3264 | D:3      | Killed Natasha
  3351 | D:3      | Noticed Natasha
  3356 | D:3      | Killed Natasha
  3499 | D:4      | Found a radiant altar of Vehumet.
  3603 | D:4      | Reached skill level 9 in Shields
  3790 | D:4      | Reached XP level 8. HP: 52/58 MP: 8/8
  3939 | D:4      | Found Qiuryq's Armour Shop.
  4552 | D:5      | Entered Level 5 of the Dungeon
  4610 | D:5      | Reached skill level 4 in Fighting
  4619 | D:4      | Reached skill level 5 in Axes
  4710 | D:5      | Found a staircase to the Ecumenical Temple.
  4719 | Temple   | Entered the Ecumenical Temple
  4879 | D:5      | Reached skill level 4 in Armour
  4896 | D:5      | Found a basalt altar of Yredelemnul.
  5254 | D:4      | Reached skill level 6 in Axes
  5297 | D:4      | Reached skill level 5 in Fighting
  5297 | D:4      | Reached XP level 9. HP: 63/68 MP: 9/9
  5332 | D:5      | Reached skill level 5 in Armour
  5451 | D:5      | Reached skill level 7 in Axes
  5516 | D:5      | Found a burning altar of Makhleb.
  5528 | D:5      | Reached skill level 6 in Fighting
  6356 | D:6      | Reached skill level 6 in Armour
  6436 | D:6      | Found a sand-covered staircase.
  6441 | Ossuary  | Entered an ossuary
  6560 | Ossuary  | Reached skill level 8 in Axes
  6911 | D:6      | Reached XP level 10. HP: 77/77 MP: 10/10
  7429 | D:6      | Noticed Edmund
  7440 | D:6      | Killed Edmund
  7869 | D:7      | Reached skill level 7 in Fighting
  7965 | D:7      | Reached skill level 9 in Axes
  7965 | D:7      | Reached skill level 7 in Armour
  8092 | D:7      | Found a shattered altar of Ashenzari.
  8119 | D:7      | Noticed Menkaure
  8127 | D:7      | Killed Menkaure
  8252 | D:7      | Found a snail-covered altar of Cheibriados.
  8264 | D:7      | Became a worshipper of Cheibriados the Contemplative
  8327 | D:7      | Noticed Pikel
  8349 | D:7      | Killed Pikel
  9111 | D:8      | Reached * piety under Cheibriados
  9111 | D:8      | Reached skill level 10 in Axes
  9237 | D:8      | Reached skill level 8 in Fighting
  9247 | D:8      | Reached skill level 8 in Armour
  9319 | D:8      | Reached XP level 11. HP: 83/83 MP: 11/11
  9481 | D:8      | Found a bloodstained altar of Trog.
  9666 | D:8      | Reached ** piety under Cheibriados
  9926 | D:9      | Found a staircase to the Orcish Mines.
 10098 | D:9      | Reached *** piety under Cheibriados
 10143 | D:9      | Reached skill level 11 in Axes
 10656 | D:9      | Found a deep blue altar of Sif Muna.
 10903 | D:9      | Found a glowing golden altar of the Shining One.
 10956 | D:9      | Reached **** piety under Cheibriados
 11413 | D:9      | Reached skill level 9 in Fighting
 11413 | D:9      | Reached skill level 9 in Armour
 11735 | D:9      | Found an ancient bone altar of Kikubaaqudgha.
 11744 | D:9      | Found a glowing golden altar of the Shining One.
 11810 | D:10     | Entered Level 10 of the Dungeon
 12174 | D:10     | Reached skill level 1 in Dodging
 12249 | D:10     | Reached ***** piety under Cheibriados
 12466 | D:10     | Noticed a hill giant
 12500 | D:10     | Killed a hill giant
 12974 | Orc:1    | Entered Level 1 of the Orcish Mines
 12984 | Orc:1    | Reached skill level 2 in Dodging
 13065 | Orc:1    | Reached XP level 12. HP: 87/93 MP: 12/12
 13108 | Orc:1    | Reached skill level 12 in Axes
 13346 | Orc:1    | Reached ****** piety under Cheibriados
 13928 | Orc:2    | Found a roughly hewn altar of Beogh.
 14424 | Orc:3    | Reached skill level 3 in Dodging
 14854 | Orc:3    | Found a roughly hewn altar of Beogh.
 15873 | D:11     | Reached skill level 1 in Invocations
 15922 | D:11     | Reached skill level 2 in Invocations
 16107 | D:11     | Found a staircase to the Lair.
 16303 | D:11     | Reached skill level 3 in Invocations
 16752 | D:11     | Reached skill level 4 in Invocations
 16847 | D:11     | Reached skill level 13 in Axes
 17295 | D:12     | Reached skill level 5 in Invocations
 17335 | D:12     | Noticed a centaur warrior
 17367 | D:12     | Killed a centaur warrior
 17367 | D:12     | Reached skill level 6 in Invocations
 17701 | D:12     | Reached XP level 13. HP: 100/100 MP: 17/17
 17727 | D:12     | Found a glowing golden altar of the Shining One.
 18129 | D:7      | Reached skill level 7 in Invocations
 18227 | D:4      | Bought the +9 armour of the Dragon King {rPois rF+ rC+ MR+} for 1747 gold pieces
 18770 | D:13     | Noticed Maurice
 18786 | D:13     | Killed Maurice
 18908 | D:13     | Reached skill level 8 in Invocations
 18937 | D:13     | Reached skill level 14 in Axes
 19105 | D:13     | Reached skill level 9 in Invocations
 19211 | D:13     | Noticed Josephine
 19227 | D:13     | Killed Josephine
 19915 | D:13     | Reached skill level 10 in Invocations
 20075 | D:13     | Found a gate to the Vaults.
 20344 | D:14     | Reached skill level 10 in Armour
 20366 | D:14     | Reached skill level 10 in Fighting
 20480 | D:14     | Noticed Urug
 20490 | D:14     | Killed Urug
 20613 | D:14     | Reached XP level 14. HP: 104/107 MP: 21/21
 20655 | D:14     | Reached skill level 4 in Dodging
 20914 | D:14     | Found a shadowy altar of Dithmenos.
 20973 | D:14     | Reached skill level 1 in Evocations
 21101 | D:14     | Reached skill level 2 in Evocations
 21157 | D:14     | Reached skill level 15 in Axes
 21327 | D:14     | Reached skill level 3 in Evocations
 21785 | Lair:1   | Entered Level 1 of the Lair of Beasts
 21977 | Lair:1   | Reached skill level 4 in Evocations
 22323 | Lair:1   | Noticed Nergalle
 22337 | Lair:1   | Killed Nergalle
 22513 | Lair:1   | Reached skill level 5 in Evocations
 23398 | Lair:2   | Reached skill level 6 in Evocations
 23847 | Lair:3   | Reached skill level 7 in Evocations
 23850 | Lair:3   | Found a labyrinth entrance.
 23860 | Lab      | Entered a labyrinth
 24071 | Lab      | Identified the Incunabulum of Air and Attacks (You found it in a labyrinth)
 24071 | Lab      | Identified the Incunabulum of the Tuna (You found it in a labyrinth)
 24080 | Lab      | Got a scintillating platinum ring
 24255 | Lair:3   | Identified the ring of the Establishment {rElec MP+9 Str+4 Dex+4} (You found it in a labyrinth)
 24347 | Lair:3   | Reached skill level 8 in Evocations
 24359 | Lair:3   | Found a staircase to the Shoals.
 24733 | Lair:3   | Reached skill level 9 in Evocations
 24830 | Lair:3   | Reached XP level 15. HP: 112/112 MP: 22/22
 25270 | Lair:4   | Found a staircase to the Snake Pit.
 25461 | Lair:4   | Reached skill level 10 in Evocations
 26357 | Lair:5   | Reached skill level 5 in Dodging
 26681 | Lair:5   | Reached skill level 16 in Axes
 27416 | Lair:6   | Reached skill level 11 in Fighting
 27425 | Lair:6   | Found a staircase to the Slime Pits.
 27451 | Lair:6   | Reached skill level 11 in Armour
 27595 | Lair:6   | Noticed Maud
 27603 | Lair:6   | Killed Maud
 28590 | Lair:7   | Reached skill level 6 in Dodging
 29028 | Lair:7   | Reached XP level 16. HP: 112/123 MP: 23/23
 29208 | Lair:8   | Entered Level 8 of the Lair of Beasts
 30473 | Lair:8   | Reached skill level 12 in Armour
 30524 | Lair:8   | Reached skill level 12 in Fighting
 31627 | D:15     | Entered Level 15 of the Dungeon
 31650 | D:15     | Noticed Nessos
 31682 | D:15     | Killed Nessos
 31682 | D:15     | Reached skill level 17 in Axes
 31892 | D:15     | Reached skill level 13 in Armour
 32375 | D:15     | Found a basalt altar of Yredelemnul.
 32517 | D:15     | Reached XP level 17. HP: 121/130 MP: 24/24
 32813 | D:15     | Found a staircase to the Depths.
 33361 | Orc:4    | Entered Level 4 of the Orcish Mines
 33479 | Orc:4    | Found Cotof's General Store.
 33484 | Orc:4    | Bought a scroll of identify for 22 gold pieces
 33542 | Orc:4    | Found a staircase to the Elven Halls.
 33576 | Orc:4    | Found a roughly hewn altar of Beogh.
 33655 | Orc:4    | Found Eplyhaph's Antique Weapon Shoppe.
 33656 | Orc:4    | Found Xeplad's Gadget Shoppe.
 33727 | Orc:4    | Reached skill level 14 in Armour
 33960 | Orc:4    | Found Tunties's Weapon Boutique.
 33965 | Orc:4    | Found Maitz's Antique Armour Emporium.
 34001 | Orc:4    | Bought a glowing executioner's axe for 310 gold pieces
 34366 | Snake:1  | Entered Level 1 of the Snake Pit
 34696 | Snake:1  | Reached skill level 18 in Axes
 35027 | Snake:1  | Noticed Aizul
 35036 | Snake:1  | Killed Aizul
 35792 | Snake:2  | Reached skill level 19 in Axes
 35798 | Snake:2  | Reached XP level 18. HP: 140/140 MP: 25/25
 37034 | Snake:2  | Reached skill level 20 in Axes
 37247 | Snake:4  | Entered Level 4 of the Snake Pit
 37484 | Snake:4  | Reached skill level 7 in Dodging
 37729 | Snake:4  | Reached skill level 15 in Armour
 38784 | Snake:4  | Slain by an anaconda

Vault maps used:
D:1:      tarquinn_simple_flora_water_b
D:2:      first_bread, uniq_sigmund
D:3:      overflow_temple_1_default, okawaru_altar_gauntlet_db,
          ecumenical_altar_1, uniq_grinder, uniq_natasha, uniq_robin
D:4:      old_standard_altar, serial_shops, shop
D:5:      nicolae_overflow_crystal_walls, demons_altar,
          minmay_temple_entry_butterflies, st_stairs_11
D:6:      nicolae_ossuary_entry_giza, amalloy_card_club, uniq_edmund
D:7:      evilmike_ruin_ashenzari, lemuel_round_altar, grunt_livestock,
          uniq_pikel, uniq_menkaure
D:8:      trog_ov_bears_minmay
D:9:      kennysheep_mini_moat, amethyst_overflow_temple_binary,
          zombieorc1_lemuel, basic_altar, serial_bayou, serial_bayou_pond_d,
          serial_bayou_shore_b, serial_bayou_pond_a, serial_bayou_ford_a
D:10:     statuecave_lemuel, serial_ice, serial_ice_d, serial_ice_o,
          serial_ice_g, serial_ice_m
D:11:     minmay_lair_entry_lava, kennysheep_generic_room_11
D:12:     tso_metal_star
D:13:     david_vaults_4, uniq_josephine, uniq_maurice
D:14:     grunt_dithmenos_smoke, uniq_urug
D:15:     hangedman_depths_entry_try_elsewhere_first, yredelemnul_altar_generic,
          uniq_nessos
Temple:   temple_eino_lava_8
Lair:1:   st_stairs_9, grunt_megastairs_2, lemuel_fruit_fields, uniq_nergalle
Lair:2:   grunt_megastairs_5, serial_bayou_shore_b, serial_bayou_shore_b
Lair:3:   minmay_shoals_entry_beasts, lab_entry_generic,
          nicolae_lair_grove_arrangements, bobbens_dragon_lair_wall
Lair:4:   guppyfry_snake_entry_garden, serial_bayou_pond_d, minivault_27
Lair:5:   serial_bayou_shore_b, lemuel_fruit_tree
Lair:6:   minmay_slime_entry_pillars, wad_woods_01, uniq_maud
Lair:7:   nicolae_quartered_pool_super, st_stairs_6
Lair:8:   minmay_lair_end_enchanted_forest, serial_bayou_pond_c,
          infiniplex_staircase_pool_2
Snake:1:  uniq_aizul
Snake:4:  grunt_snake_rune_serpentine_throne, serial_bayou_pond_e,
          serial_bayou_pond_b
Orc:1:    minmay_goldmine
Orc:2:    mines1_david
Orc:3:    basic_altar, nicolae_orc_pool_cavern, abandoned_shop, minmay_orc_keep
Orc:4:    st_orc_open, serial_shops, nicolae_shop_statue_plus,
          nicolae_orc_rockfall, minmay_orc_temple_a
Lab:      labyrinth_mini_lab, labyrinth_skeletal_remains, lab_hedge,
          lab_fountain
Ossuary:  ossuary_tomb_1

Vanquished Creatures
  2 greater nagas Maud Aizul Nessos
  A minotaur Josephine
  2 centaur warriors
  2 rakshasas
  5 naga warriors
  6 hydras
  14 anacondas
  4 ogre magi
  9 death yaks
  2 tengu warriors
  7 shock serpents
  9 naga sharpshooters Urug Nergalle
  3 wizards
  3 skeletal warriors
  A sea snake
  An iron troll
  3 salamander mystics
  10 hill giants
  A lindwurm
  2 deep trolls
  15 mana vipers
  10 naga ritualists Pikel
  An unseen horror
  13 salamanders
  5 ugly things
  5 cyclopes
  2 griffons
  2 manticores
  12 elephants Maurice
  16 naga magi
  40 black mambas
  21 spiny frogs
  3 centaur skeletons
  10 guardian serpents
  A gargoyle
  A torpor snail
  An eye of devastation (shapeshifter)
  5 fire drakes
  12 komodo dragons
  4 tengu conjurers
  A jumping spider (shapeshifter)
  A spriggan druid
  5 polar bears
  13 trolls Grinder
  A two-headed ogre (shapeshifter)
  19 slime creatures
  12 two-headed ogres
  38 blink frogs
  A centaur simulacrum
  4 shadows
  A boulder beetle
  A deep elf mage
  A trapdoor spider
  5 redbacks Sigmund
  35 yaks
  21 spriggans
  2 basilisks
  2 vampire mosquitoes
  10 wraiths
  2 wyverns
  14 hippogriffs
  A deep elf fighter
  A human
  38 nagas
  7 hungry ghosts
  A wolf (shapeshifter)
  Menkaure
  A steam dragon
  A warg Edmund
  24 water moccasins
  38 wolves
  13 porcupines
  16 orc warriors
  6 wasps
  35 ogres
  7 sky beasts
  10 black bears
  A necrophage
  7 ice beasts
  A tengu (shapeshifter)
  2 phantoms
  9 centaurs
  22 crocodiles
  31 giant frogs
  4 big kobolds
  A wyvern skeleton
  4 killer bees
  7 scorpions
  9 wights
  5 electric eels
  2 quasits
  4 giant frog zombies
  A human zombie
  40 orc wizards
  A wasp zombie
  6 centaur zombies
  7 crimson imps
  12 hounds
  5 jellies
  36 orc priests
  2 giant frog skeletons
  3 iron imps
  13 worker ants
  9 iguanas
  Natasha (thrice)
  A big kobold zombie
  35 sheep
  6 ogre zombies
  2 hound zombies
  A hound skeleton
  3 mummies Robin
  6 gnolls
  2 worker ant zombies
  9 adders
  62 river rats
  2 shadow imps
  A white imp
  A worker ant simulacrum
  5 adder skeletons
  2 adder zombies
  4 worms
  4 giant geckos
  182 orcs
  A ball python
  3 giant cockroaches
  14 goblins
  11 hobgoblins
  17 jackals
  7 bats
  2 giant cockroach zombies
  7 giant newts
  A goblin skeleton
  2 goblin zombies
  16 hobgoblin zombies
  2 jackal zombies
  22 kobolds
  7 kobold zombies
  22 orc zombies
  2 quokkas
  9 rats
  2 rat zombies
  A bush
  71 fungi
  43 plants
1504 creatures vanquished.
